 Dungeon Crawl Stone Soup version 0.27-a0-909-g0721f309d1 (webtiles) character file.

Game seed: 2490615404002790581

44 Alarkh the Insei (level 3, -2/27 HPs)
             Began as a Demonspawn Transmuter on Apr 8, 2021.
             Slain by Robin
             ... wielding a +6 whip of flaming
              (8 damage)
             ... on level 2 of the Dungeon.
             The game lasted 00:01:21 (905 turns).

Alarkh the Insei (Demonspawn Transmuter)             Turns: 905, Time: 00:01:22

Health: -2/27      AC:  2    Str: 10    XL:     3   Next: 41%
Magic:  5/6        EV: 12    Int: 15    God:
Gold:   62         SH:  0    Dex: 13    Spells: 5/6 levels left

rFire    . . .     SeeInvis .     - Unarmed
rCold    . . .     Faith    .   (no shield)
rNeg     . . .     Spirit   .   a - +0 robe
rPois    .         Reflect  .   (helmet currently unavailable)
rElec    .         Harm     .   (no cloak)
rCorr    .         Rampage  .   (no gloves)
Will     .....                  (boots currently unavailable)
Stlth    +.........             (no amulet)
HPRegen  0.09/turn              (no ring)
MPRegen  0.10/turn              (no ring)

@: appendages (expiring)
A: horns 2, hooves 1, powered by death 1
a: End Transformation


You were on level 2 of the Dungeon.
You had temporarily grown beastly horns.
You visited 1 branch of the dungeon, and saw 2 of its levels.

You collected 62 gold pieces.

Inventory:

Armour
 a - a +0 robe (worn)
Scrolls
 c - a scroll of identify {unknown}
 e - a scroll of vulnerability {unknown}
Potions
 b - a potion of mutation {unknown}
 d - 2 potions of brilliance {unknown}


   Skills:
 + Level 2.0 Fighting
 - Level 1.7 Dodging
 * Level 3.7 Unarmed Combat
 - Level 2.0 Spellcasting
 - Level 1.7 Transmutations


You had 5 spell levels left.
You knew the following spells:

 Your Spells              Type           Power      Damage    Failure   Level
a - Beastly Appendage     Tmut           12%        N/A       11%         1

Your spell library contained the following spells:

 Spells                   Type           Power      Damage    Failure   Level
 Wereblood                Tmut           6%         N/A       16%         2
 Spider Form              Tmut/Pois      2%         N/A       43%         3
 Ice Form                 Ice/Tmut       4%         N/A       83%         4
 Hydra Form               Tmut           3%         N/A       96%         5


Dungeon Overview and Level Annotations

Branches:
Dungeon (2/15)

Altars:
Okawaru

Annotations:
D:2 Robin


Innate Abilities, Weirdness & Mutations

You have temporarily grown beastly horns.
You have large cloven feet.
You regenerate a little health from kills.


Message History

Items here: )) ††.
You now have 62 gold pieces (gained 11).
Items here: ))) †.
Items here: )) ††.
Your horns disappear.
Robin is nearby!
Robin is nearby!
Casting: Beastly Appendage (safe; 11% risk of failure)
Confirm with . or Enter, or press ? or * to list all spells.
You grow a pair of large bovine horns.
Your transformation is almost over.
Robin hits you with a +6 whip of flaming.
Robin burns you.
Unknown command.
You barely miss Robin. Robin barely misses you.
You hit Robin but do no damage. You headbutt Robin.
Robin is lightly wounded.
Robin hits you with a +6 whip of flaming!
Robin burns you.
You barely miss Robin. Your kick misses Robin.
Robin is lightly wounded.
Robin misses you.
You hit Robin.
Robin is lightly wounded.
You hit Robin but do no damage. You headbutt Robin.
Robin is heavily wounded.
Robin hits you with a +6 whip of flaming.
Robin burns you.
You are too injured to fight recklessly!
You are too injured to fight recklessly!
You hit Robin.
Robin is severely wounded.
Robin hits you with a +6 whip of flaming.
* * * LOW HITPOINT WARNING * * *
Robin burns you.
* * * LOW HITPOINT WARNING * * *
You barely miss Robin. You kick Robin.
Robin is severely wounded.
Robin hits you with a +6 whip of flaming!
You die...

..## #.##.# ...
#.##.# ##..# #.##.#
.g.. .# #.##.#
#######g. ..# #.##)#
......gr# #.#
#########.##)# #g#
#.######.....)..)...#
#g#
#................####
#.#
#.#.@....#########
#.#####.#g###..#
#..g....#r# #..#
##.g###.#.# #..#
#........###..#
##.###.....#..#
###.##..###.#..#
......#[# #.g..#
######..###.##.#


You could see Robin and a quokka.

Vanquished Creatures
  A dart slug (D:1)
  2 ball pythons (D:1)
  2 bats (D:1)
  3 endoplasms (D:1)
  A giant cockroach (D:1)
  12 goblins
  6 hobgoblins
  2 jackals (D:1)
  2 kobolds (D:1)
  A frilled lizard (D:1)
  3 rats (D:1)
35 creatures vanquished.

Notes
Turn   | Place    | Note
-------+----------+-------------------------------------------
     0 | D:1      | Alarkh the Demonspawn Transmuter began the quest for the
                  | Orb.
     0 | D:1      | Reached XP level 1. HP: 15/15 MP: 3/3
    66 | D:1      | Reached skill level 3 in Unarmed Combat
   133 | D:1      | Found a faded altar of an unknown god.
   241 | D:1      | Gained mutation: You regenerate a little health from kills.
                  | [demonic ancestry]
   241 | D:1      | Reached XP level 2. HP: 16/21 MP: 5/5
   503 | D:1      | Found an iron altar of Okawaru.
   793 | D:2      | Lost mutation: You have razor-sharp toenails. [demonic
                  | ancestry]
   793 | D:2      | Lost mutation: You have sharp toenails. [demonic ancestry]
   793 | D:2      | Gained mutation: You have large cloven feet. [demonic
                  | ancestry]
   793 | D:2      | Reached XP level 3. HP: 24/27 MP: 4/6
   814 | D:2      | Noticed Robin
   905 | D:2      | Slain by Robin

Illustrated notes

Levels and vault maps discovered:
D:1:      sevenhm_arrival_forest_fort_small_6, layout_basic,
          basic_ecumenical_altar
D:2:      layout_loops_ring, uniq_robin, uniq_sigmund, uniq_terence,
          uniq_jessica, uniq_crazy_yiuf_cottage

Skill      XL: |  1  2  3 |
---------------+----------+-----
Unarmed Combat | 3 |  3.7
Fighting       | 2 |  2.0
Dodging        | |  1.7
Spellcasting   | |  2.0
Transmutations | |  1.7

Action                   || total
-------------------------++-------
Melee: Unarmed           ||   104
       Punch             ||     1
       Kick              ||    18
       Headbutt          ||     8
 Cast: Beastly Appendage ||    15
 Stab: Sleeping          ||     1
Armor: Robe              ||    11
Dodge: Dodged            ||    64

Table legend: (Time is in decaauts)
 A = Elapsed time spent in this place.
 B = Non-inter-level travel time spent in this place.
 C = Inter-level travel time spent in this place.
 D = Time resting spent in this place.
 E = Time spent auto-exploring this place.
 F = Levels seen in this place.
 G = Mean time per level.
                   A        B        C        D        E       F      G
               +--------+--------+--------+--------+--------+-----+--------+
         Total |    898 |    889 |      9 |      0 |    673 |   2 |  449.0 |
       Dungeon |    898 |    889 |      9 |      0 |    673 |   2 |  449.0 |
               +--------+--------+--------+--------+--------+-----+--------+

Top non-repeatable levels by time:
     D:1: 703 daAuts
     D:2: 194 daAuts
